 Dungeon Crawl Stone Soup version 0.21.1-1-g345015f (webtiles) character file.

322 diana the Ducker (level 6, 0/52 HPs)
             Began as a Demigod Fighter on June 3, 2018.
             Slain by an orc
             ... wielding a +0 trident
              (1 damage)
             ... on level 3 of the Dungeon.
             The game lasted 00:07:45 (2242 turns).

diana the Ducker (Demigod Fighter)                  Turns: 2242, Time: 00:07:46

Health: 0/52       AC:  7    Str: 21      XL:     6   Next: 2%
Magic:  8/8        EV: 13    Int: 13 (14) God:
Gold:   158        SH:  0    Dex: 19      Spells: 5/5 levels left

rFire    + . .     SeeInvis .   a - +0 long sword
rCold    + . .     Gourm    .   (no shield)
rNeg     . . .     Faith    .   b - +0 scale mail
rPois    +         Spirit   .   (no helmet)
rElec    +         Reflect  .   (no cloak)
rCorr    +         Harm     .   (no gloves)
MR       .....                  (no boots)
Stlth    ..........             (no amulet)
HPRegen  0.17/turn              (no ring)
MPRegen  0.11/turn              (no ring)

@: resistant (expiring)
A: rugged brown scales 1, clever 1, high mp 1, strong 1, evolution 1
a: no special abilities


You were on level 3 of the Dungeon.
You were hungry.

You visited 1 branch of the dungeon, and saw 3 of its levels.

You collected 158 gold pieces.

Inventory:

Hand Weapons
 a - a +0 long sword (weapon)
Armour
 b - a +0 scale mail (worn)
 c - a +0 shield
Scrolls
 h - a scroll of immolation
 i - 2 scrolls of teleportation
 j - 2 scrolls of remove curse {unknown}
 k - a scroll of fog {unknown}
 l - 3 scrolls of identify {unknown}
Potions
 d - a potion of mutation
 e - 4 potions of magic
 m - a potion of lignification
Comestibles
 f - 4 rations


   Skills:
 - Level 3.1 Fighting
 + Level 3.4 Long Blades
 - Level 2.7 Armour
 * Level 4.2 Dodging
 - Level 3.0 Shields


You had 5 spell levels left.
You didn't know any spells.

Dungeon Overview and Level Annotations

Branches:
Dungeon (3/15)


Innate Abilities, Weirdness & Mutations

You have an increased reservoir of magic. (+10% MP)
You are partially covered in rugged brown scales. (AC +1, +3% HP)
Your mind is acute. (Int +2)
Your muscles are strong. (Str +2)
You evolve.


Message History

The orc hits you but does no damage. The orc hits you but does no damage.
As you read the scroll labeled ZOASOPNIBU, it crumbles to dust.
The creatures around you are filled with an inner flame!
It was a scroll of immolation.
The orc hits you but does no damage.
As you read the scroll labeled WOCHOW DORHI, it crumbles to dust.
You feel a strange sense of stasis.
It was a scroll of teleportation.
The orc hits you but does no damage.
You cannot move.
You cannot move.
The orc hits you but does no damage.
The orc hits you from afar with a trident.
* * * LOW HITPOINT WARNING * * *
You start to feel less resistant.
The orc hits you but does no damage. The orc hits you but does no damage.
You feel less wooden.
Your +0 scale mail unmelds from your body.
The orc hits you from afar with a trident.
You die...

#.##
###).#####
#..........
#..........
#..........
##.########
#.#
#.######.#
...ooo)@.#
#.######.#
..# .## ..
##


You could see 3 orcs.

Vanquished Creatures
  An ogre (D:2)
  An orc wizard (D:3)
  4 gnolls (D:2)
  7 adders
  An ooze (D:1)
  2 worms (D:2)
  3 dart slugs (D:1)
  A leopard gecko (D:3)
  6 orcs
  9 bats
  3 giant cockroaches (D:1)
  9 goblins
  6 hobgoblins
  11 jackals
  3 quokkas
  A ball python (D:3)
  4 frilled lizards
  7 kobolds
  A quokka skeleton (D:3)
  5 rats
85 creatures vanquished.

Vanquished Creatures (others)
  A quokka (D:2)
1 creature vanquished.

Grand Total: 86 creatures vanquished

Notes
Turn   | Place    | Note
-------+----------+-------------------------------------------
     0 | D:1      | diana the Demigod Fighter began the quest for the Orb.
     0 | D:1      | Reached XP level 1. HP: 18/18 MP: 3/3
    67 | D:1      | Reached XP level 2. HP: 17/26 MP: 4/4
   371 | D:1      | Reached skill level 1 in Dodging
   468 | D:1      | Reached XP level 3. HP: 31/31 MP: 5/5
   912 | D:2      | Noticed an ogre
  1144 | D:2      | Reached skill level 2 in Dodging
  1150 | D:2      | Gained mutation: Your mind is acute. (Int +2) [potion of mutation]
  1150 | D:2      | Gained mutation: You are partially covered in rugged brown scales. (AC +1, +3% HP) [potion of mutation]
  1150 | D:2      | Gained mutation: You evolve. [potion of mutation]
  1159 | D:2      | Reached XP level 4. HP: 18/39 MP: 6/6
  1305 | D:2      | Gained mutation: Your muscles are strong. (Str +2) [evolution]
  1511 | D:2      | Found a white marble altar of Elyvilon.
  1537 | D:2      | Reached skill level 3 in Dodging
  1618 | D:2      | Killed an ogre
  1618 | D:2      | Reached XP level 5. HP: 46/46 MP: 7/7
  1999 | D:3      | Reached skill level 4 in Dodging
  2215 | D:3      | Reached XP level 6. HP: 8/52 MP: 8/8
  2224 | D:3      | HP: 3/78 [orc/trident (6)]
  2230 | D:3      | HP: 3/78 [orc/trident (1)]
  2239 | D:3      | HP: 1/78 [orc/trident (4)]
  2242 | D:3      | Slain by an orc

Skill      XL: |  1  2  3  4  5 |
---------------+----------------+-----
Fighting       | 3 |  3.1
Shields        | 3 |  3.0
Long Blades    | 2 3 |  3.4
Dodging        | 1 2 3 4 |  4.2
Armour         | |  2.7

Action                   |  1- 3 |  4- 6 || total
-------------------------+-------+-------++-------
Melee: Long sword        |    98 |    70 ||   168
  Use: Potion            |     7 |     3 ||    10
       Scroll            |       |     2 ||     2
  Eat: Chunk             |       |     4 ||     4
Armor: Scale mail        |    74 |   107 ||   181
       Skin              |       |    35 ||    35
Dodge: Dodged            |    96 |   183 ||   279
Block: Shield            |     1 |       ||     1
       Rpst.: Long sword |    28 |    55 ||    83
